 Dungeon Crawl Stone Soup version 0.28.0-47-ge53b351184 (webtiles) character file.

Game seed: 10671438183195198101

6399 CryoSword the Grappler (level 10, -4/81 HPs)
             Began as a Ghoul Monk on May 8, 2022.
             Was a Follower of Ru.
             Killed from afar by an electric eel (7 damage)
             ... with a bolt of electricity
             ... on level 9 of the Dungeon.
             The game lasted 00:18:19 (12866 turns).

CryoSword the Grappler (Ghoul Monk)                Turns: 12866, Time: 00:18:19

Health: -4/81      AC: 10    Str: 16    XL:     10   Next: 98%
Magic:  18/18      EV: 25    Int:  9    God:    Ru [*.....]
Gold:   50         SH: 10    Dex: 11    Spells: 9/9 levels left

rFire   . . .      SeeInvis .     - Unarmed
rCold   + + .      Faith    .   p - +0 kite shield
rNeg    + + +      Spirit   .   A - +1 ring mail {Will+}
rPois   ∞          Reflect  .   (no helmet)
rElec   .          Harm     .   y - +1 cloak {Stlth+}
rCorr   .          Rampage  .   (no gloves)
Will    +....                   o - +0 pair of boots
Stlth   ++........              f - amulet of the acrobat
HPRegen 0.00/turn               g - ring of protection from cold
MPRegen 0.16/turn               v - ring of magical power

@: acrobatic, inhibited regen, studying Unarmed Combat
A: claws 1, cold resistance 1, negative energy resistance 3, inhibited
regeneration, torment resistance 2, no hexes magic, no ice magic, no summoning
magic
a: Renounce Religion


You were on level 9 of the Dungeon.
You worshipped Ru.
Ru was aware of your devotion.
You visited 1 branch of the dungeon, and saw 9 of its levels.

You collected 432 gold pieces.
You spent 382 gold pieces at shops.

Inventory:

Missiles
 s - 2 boomerangs
 t - 8 poisoned darts
Armour
 h - a +0 pair of gloves
   (You found it on level 7 of the Dungeon)
 o - a +0 pair of boots (worn)
   (You found it on level 2 of the Dungeon)
 p - a +0 kite shield (worn)
   (You found it on level 3 of the Dungeon)
 y - a +1 cloak of stealth (worn)
   (You took it off Crazy Yiuf on level 5 of the Dungeon)
 A - a +1 ring mail of willpower (worn)
   (You took it off an orc on level 5 of the Dungeon)
Jewellery
 f - an amulet of the acrobat (around neck)
   (You found it on level 7 of the Dungeon)
 g - a ring of protection from cold (left claw)
   (You found it on level 1 of the Dungeon)
 v - a ring of magical power (right claw)
   (You found it on level 4 of the Dungeon)
Scrolls
 a - 3 scrolls of fog
 c - 2 scrolls of magic mapping
 e - 5 scrolls of teleportation {@r4}
 k - 2 scrolls of torment
 B - a scroll of summoning
Potions
 d - a potion of curing {@q1}
 i - a potion of mutation
 l - a potion of flight {unknown}
 m - 2 potions of ambrosia
 u - a potion of haste {@q3}
 w - a potion of magic
 z - 2 potions of heal wounds {@q2}
Miscellaneous
 b - a piece from Xom's chessboard (15/15)
   (You found it on level 9 of the Dungeon)


   Skills:
 + Level 5.4 Fighting
 + Level 3.2 Armour
 + Level 4.4 Dodging
 - Level 3.0 Stealth
 * Level 9.3 Shields
 * Level 12.2 Unarmed Combat


You had 9 spell levels left.
You didn't know any spells.
Your spell library contained the following spells:

 Spells                   Type           Power      Damage    Failure   Level
 Scorch                   Fire           0%         2d5       95%         2
 Flame Wave               Conj/Fire      0%         2d4       100%        4
 Iskenderun's Mystic Bla  Conj/Tloc      0%         2d3       100%        4
 Lee's Rapid Deconstruct  Erth           0%         3d5*      100%        5
 Orb of Destruction       Conj           0%         9d5       100%        7
 Summon Small Mammal      Summ           Unusable   N/A       N/A         1
 Ensorcelled Hibernation  Hex/Ice        Unusable   N/A       N/A         2
 Call Canine Familiar     Summ           Unusable   N/A       N/A         3
 Spider Form              Tmut/Pois      Unusable   N/A       N/A         3
 Summon Guardian Golem    Hex/Summ       Unusable   N/A       N/A         3
 Anguish                  Hex/Necr       Unusable   N/A       N/A         4
 Fulminant Prism          Conj/Hex       Unusable   3d6       N/A         4
 Summon Cactus Giant      Summ           Unusable   N/A       N/A         6
 Spellforged Servitor     Conj/Summ      Unusable   N/A       N/A         7

Dungeon Overview and Level Annotations

Branches:
Dungeon (9/15)             Temple (0/1) D:7
   Lair: D:8-11         Orc: D:9-12

Altars:
Gozag
Nemelex Xobeh
Qazlal
Ru

Shops:
D:6 :   D:7 [

Annotations:
D:5 2 transporters, arijan's ghost, amateur TrFi
D:8 Harold


Innate Abilities, Weirdness & Mutations

You thrive by killing the living.
You are immune to poison.
You have sharp fingernails.
Your flesh is cold resistant. (rC+)
You are immune to negative energy. (rN+++)
You do not regenerate when monsters are visible.
You are immune to unholy pain and torment.
You cannot study or cast Hexes magic.
You cannot study or cast Ice magic.
You cannot study or cast Summoning magic.


Message History

You scratch the wight. You block the wight's attack. x2
You see here a +3 long sword.
There is a stone staircase leading up here.
You block the wight's attack.
You climb upwards.
Level annotation: Harold
There is a stone staircase leading down here.
You claw the wight!
You destroy the wight!
You start resting.
You climb downwards.
The wight hits you with a +0 spear of flaming.
The wight burns you.
There is a stone staircase leading up here.
You claw the wight!
You destroy the wight!
The wight completely misses you.
You see here a +3 long sword.
You scratch the wight but do no damage. The wight hits you but does no damage.
You claw the wight! You claw the wight!
You destroy the wight!
No target in view!
Things that are here:
a +0 spear of flaming; a +0 robe You now have 35 gold pieces (gained 15).
Things that are here:
a +2 trident of venom; a +0 robe
e - 5 scrolls of teleportation {@r4} (gained 1)
You now have 50 gold pieces (gained 15).
Things that are here:
a +0 battleaxe; a +0 robe
Things that are here:
a +0 robe; a +0 scimitar A hound is nearby!
You barely miss the hound.
The hound barks!
You hear a shout!
The hound closely misses you.
You closely miss the hound. You block the hound's attack.
The hound completely misses you.
You mangle the hound!!
You kill the hound!
No target in view!
No target in view!
You have 50 gold pieces.
Unknown command.
Search for what [Enter for "."]? armor
Things that are here:
a +0 chain mail; a +0 hand axe
Items here: ( ))) [.
Found a stone staircase leading down.
The electric eel shoots out a bolt of lightning at you!
The bolt of electricity misses you.
An electric eel is nearby!
Found a piece from Xom's chessboard (15/15).
Found a stone staircase leading up.
You see here a piece from Xom's chessboard (15/15).
An electric eel is nearby!
There are no items here.
The electric eel shoots out a bolt of lightning at you!
The bolt of electricity hits you!
The electric eel shoots out a bolt of lightning at you!
The bolt of electricity hits you.
You see here a piece from Xom's chessboard (15/15).
b - a piece from Xom's chessboard (15/15)
Aim: an electric eel (wandering, hasn't noticed you, 48% to hit)
The puff of flame hits the electric eel.
The now-empty wand crumbles to dust.
The electric eel is engulfed in a cloud of scalding steam.
The electric eel shoots out a bolt of lightning at you!
The bolt of electricity hits you.
The electric eel is engulfed in a cloud of scalding steam.
The electric eel shoots out a bolt of lightning at you!
The bolt of electricity hits you.
You scratch the electric eel.
The electric eel shoots out a bolt of lightning at you!
The bolt of electricity hits you!
You barely miss the electric eel.
The electric eel shoots out a bolt of lightning at you!
The bolt of electricity hits you.
You claw the electric eel!
You kill the electric eel!
You hear a splash.
The electric eel shoots out a bolt of lightning at you!
The bolt of electricity hits you!
* * * LOW HITPOINT WARNING * * *
The electric eel shoots out a bolt of lightning at you!
The bolt of electricity misses you.
The electric eel shoots out a bolt of lightning at you!
The bolt of electricity misses you.
You start resting.
Why would you want to do that?
An electric eel comes into view.
The electric eel shoots out a bolt of lightning at you!
The bolt of electricity misses you.
The electric eel shoots out a bolt of lightning at you!
The bolt of electricity hits you.
The electric eel shoots out a bolt of lightning at you!
The bolt of electricity misses you.
The electric eel shoots out a bolt of lightning at you!
The bolt of electricity misses you.
The electric eel shoots out a bolt of lightning at you!
The bolt of electricity misses you.
You start resting.
An electric eel is nearby!
The electric eel shoots out a bolt of lightning at you!
The bolt of electricity hits you.
The electric eel begins to attack, but is stunned by your conviction!
The electric eel begins to attack, but is stunned by your conviction!
An electric eel comes into view.
You redirect the electric eel's attack!
The electric eel shoots out a bolt of lightning at the electric eel!
The bolt of electricity hits the electric eel.
The electric eel completely resists.
You scratch the electric eel.
The electric eel shoots out a bolt of lightning at you!
The bolt of electricity hits you!
The electric eel shoots out a bolt of lightning at you!
The bolt of electricity hits the electric eel.
The electric eel completely resists.
The bolt of electricity misses you.
You claw the electric eel!
The electric eel shoots out a bolt of lightning at you!
The bolt of electricity hits the electric eel.
The electric eel completely resists.
The bolt of electricity hits you!
The electric eel shoots out a bolt of lightning at you!
The bolt of electricity hits you!
You hear a shout!
The electric eel shoots out a bolt of lightning at you!
The bolt of electricity hits the electric eel.
The electric eel completely resists.
The bolt of electricity hits you!
* * * LOW HITPOINT WARNING * * *
The electric eel shoots out a bolt of lightning at you!
The bolt of electricity misses you.
The electric eel shoots out a bolt of lightning at you!
The bolt of electricity hits the electric eel.
The electric eel completely resists.
The bolt of electricity misses you.
The electric eel shoots out a bolt of lightning at you!
The bolt of electricity hits you!
* * * LOW HITPOINT WARNING * * *
The electric eel begins to attack, but is stunned by your conviction!
The electric eel shoots out a bolt of lightning at you!
The bolt of electricity hits you!
* * * LOW HITPOINT WARNING * * *
The electric eel shoots out a bolt of lightning at you!
The bolt of electricity hits the electric eel.
The electric eel completely resists.
The bolt of electricity hits you!
* * * LOW HITPOINT WARNING * * *
The electric eel shoots out a bolt of lightning at you!
The bolt of electricity hits you!
You die...

..........................
...## ###...........##### ##.#
#####.#.######..############
≈≈..........#####..............
≈≈≈....≈.......................
≈≈≈≈≈..≈≈≈..#########..#######.
≈≈≈≈≈.≈≈....# #..# #.
≈≈≈≈.≈≈≈≈...#########..#######.
.≈≈≈≈≈≈S≈S....@................
..≈≈≈≈S≈≈≈..########...#######.
............# #...# #.
.S..≈≈≈≈≈÷..# #...#######.
...≈≈≈≈.....########...........
≈≈≈≈≈≈≈≈≈≈.....................
≈≈≈≈≈≈≈≈≈......................
≈≈≈..≈≈.....###................
............# #................


You could see 2 electric eels.

Vanquished Creatures
  A hydra (D:8)
  A two-headed ogre (D:8)
  Pikel (D:7)
  4 slime creatures
  Eustachio (D:4)
  5 yaks (D:9)
  A steam dragon (D:6)
  Menkaure (D:5)
  2 water moccasins
  2 orc warriors (D:9)
  3 ice beasts
  3 wolves (D:9)
  3 centaurs
  A lemure (D:7)
  A kobold brigand (D:8)
  2 bullfrogs
  3 scorpions
  A water moccasin skeleton (D:5)
  13 wights
  An electric eel (D:9)
  A centaur zombie (D:9)
  A centaur skeleton (D:7)
  Crazy Yiuf (D:5)
  3 hounds (D:9)
  A gnoll shaman (D:6)
  2 orc priests
  A bullfrog skeleton (D:6)
  5 iguanas
  2 orc wizards (D:6)
  A killer bee zombie (D:7)
  8 adders
  6 gnolls
  2 white imps (D:6)
  3 adder skeletons
  A worm (D:2)
  A dart slug (D:2)
  17 orcs
  5 bats
  8 endoplasms
  5 giant cockroaches
  10 goblins
  6 hobgoblins
  10 jackals
  11 kobolds
  3 quokkas
  4 ball pythons
  3 frilled lizards
  6 rats
177 creatures vanquished.

Notes
Turn   | Place    | Note
-------+----------+-------------------------------------------
     0 | D:1      | CryoSword the Ghoul Monk began the quest for the Orb.
     0 | D:1      | Reached XP level 1. HP: 19/19 MP: 0/0
   125 | D:1      | Reached XP level 2. HP: 20/26 MP: 1/1
   751 | D:1      | Reached XP level 3. HP: 30/31 MP: 2/2
   942 | D:2      | Found a faded altar of an unknown god.
  1060 | D:2      | Reached skill level 4 in Unarmed Combat
  1153 | D:2      | Reached XP level 4. HP: 38/40 MP: 3/3
  1170 | D:2      | Reached skill level 1 in Armour
  1951 | D:4      | Noticed a scorpion
  1964 | D:4      | Killed a scorpion
  1965 | D:4      | Reached skill level 1 in Shields
  1965 | D:4      | Reached XP level 5. HP: 32/46 MP: 4/4
  2152 | D:4      | Reached skill level 5 in Unarmed Combat
  2689 | D:3      | Found a sacrificial altar of Ru.
  2689 | D:3      | Found a stormy altar of Qazlal.
  2898 | D:3      | Became a worshipper of Ru the Awakened
  3282 | D:4      | Reached XP level 6. HP: 45/52 MP: 5/5
  3347 | D:4      | Noticed Eustachio
  3507 | D:4      | HP: 1/52 [scorpion (2)]
  3917 | D:4      | Killed Eustachio
  3918 | D:4      | Reached skill level 6 in Unarmed Combat
  3918 | D:4      | Reached XP level 7. HP: 56/58 MP: 6/6
  4467 | D:5      | Entered Level 5 of the Dungeon
  5019 | D:5      | Reached skill level 7 in Unarmed Combat
  5060 | D:5      | Noticed Menkaure
  5190 | D:5      | Found a runed translucent door.
  5191 | D:5      | Noticed Crazy Yiuf
  5270 | D:5      | Killed Menkaure
  5271 | D:5      | Reached XP level 8. HP: 66/66 MP: 7/7
  5329 | D:5      | Killed Crazy Yiuf
  5440 | D:5      | Found a transporter.
  5443 | D:5      | Noticed arijan's ghost (amateur TrFi)
  5444 | D:5      | Found a transporter.
  5891 | D:6      | Reached skill level 5 in Shields
  5976 | D:6      | Reached skill level 8 in Unarmed Combat
  6266 | D:6      | Found Idodd's Book Shoppe.
  6458 | D:6      | HP: 1/66 [gnoll/+0 spear (3)]
  6464 | D:6      | HP: 1/66 [gnoll/+0 spear (5)]
  6805 | D:6      | Reached skill level 9 in Unarmed Combat
  7343 | D:7      | Found Epsaekuu's Armour Boutique.
  7395 | D:7      | Noticed Pikel
  7432 | D:7      | Killed Pikel
  7433 | D:7      | Reached XP level 9. HP: 53/71 MP: 8/8
  7928 | D:7      | Found a staircase to the Ecumenical Temple.
  8087 | D:6      | Reached skill level 10 in Unarmed Combat
  9520 | D:8      | Noticed a four-headed hydra
  9780 | D:8      | Noticed Harold
  9827 | D:8      | Killed a four-headed hydra
  9828 | D:8      | Reached skill level 11 in Unarmed Combat
  9828 | D:8      | Reached XP level 10. HP: 23/79 MP: 9/9
 10290 | D:8      | Noticed a two-headed ogre
 10563 | D:8      | Found Patog's Magic Scroll Shoppe.
 10571 | D:8      | Bought a scroll of noise for 15 gold pieces
 10571 | D:8      | Bought a scroll of teleportation for 45 gold pieces
 10571 | D:8      | Bought a scroll of fog for 30 gold pieces
 10571 | D:8      | Bought a scroll of summoning for 142 gold pieces
 10571 | D:8      | Bought a scroll of identify for 30 gold pieces
 10571 | D:8      | Bought a scroll of identify for 30 gold pieces
 10571 | D:8      | Bought a scroll of identify for 30 gold pieces
 10571 | D:8      | Bought a scroll of identify for 30 gold pieces
 10576 | D:8      | Bought a scroll of identify for 30 gold pieces
 10859 | D:8      | Killed a two-headed ogre
 11370 | D:9      | Gained mutation: You cannot study or cast Ice magic. [Ru
                  | sacrifice]
 11370 | D:9      | Gained mutation: You cannot study or cast Hexes magic. [Ru
                  | sacrifice]
 11370 | D:9      | Gained mutation: You cannot study or cast Summoning magic.
                  | [Ru sacrifice]
 11370 | D:9      | Reached * piety under Ru
 11469 | D:9      | Reached skill level 5 in Fighting
 11626 | D:9      | Found a sparkling altar of Nemelex Xobeh.
 11686 | D:9      | Found an opulent altar of Gozag.
 11713 | D:9      | Identified a scroll of acquirement
 11715 | D:9      | Acquired a manual of Unarmed Combat
 11902 | D:9      | Reached skill level 12 in Unarmed Combat
 12866 | D:9      | HP: 3/81 [electric eel/bolt of electricity (8)]
 12866 | D:9      | Killed from afar by an electric eel

Illustrated notes

Levels and vault maps discovered:
D:1:      elethiomel_arrival_shortcut, layout_rooms
D:2:      layout_basic, hellmonk_ecumenical_altar_crossroads, st_stairs_11
D:3:      layout_loops_ring, gammafunk_temple_overflow_wave
D:4:      layout_loops_ring, uniq_eustachio
D:5:      layout_basic, gammafunk_ghost_mausoleum, kennysheep_nondescript,
          uniq_crazy_yiuf_cottage, uniq_menkaure
D:6:      layout_gridville, serial_shops, nicolae_shop_trees
D:7:      layout_cave_pods, minmay_temple_entry_slanted, serial_shops,
          kennysheep_little_box, corexii_checkpoint_b, hangedman_glass_teeth,
          hex_tiny, st_stairs_4, uniq_pikel
D:8:      layout_basic, serial_shops, nicolae_shop_stone, uniq_harold
D:9:      layout_long_grid, nicolae_gozag_cash_rules_everything_around_me,
          mainiacjoe_overflow_tiny_flanked, erik_lair_island

Skill      XL: |  1  2  3  4  5  6  7  8  9 10 |
---------------+-------------------------------+-----
Unarmed Combat | 4 5 6 7 9 11 12 | 12.2
Dodging        | 3 4 |  4.4
Armour         | 1 3 |  3.2
Stealth        | 3 |  3.0
Shields        | 1 2 3 4 7 8 9 |  9.3
Fighting       | 4 5 |  5.4

Action                   |  1- 3 |  4- 6 |  7- 9 | 10-12 || total
-------------------------+-------+-------+-------+-------++-------
Melee: Unarmed           |   121 |   186 |   299 |   194 ||   800
       Punch             |     1 |     3 |       |       ||     4
Throw: Dart              |       |     7 |    24 |     2 ||    33
Invok: Reject Sacrifices |       |     1 |       |       ||     1
       Sacrifice Arcana  |       |       |       |     1 ||     1
Evoke: Wand              |       |       |     4 |     1 ||     5
  Use: Potion            |       |     3 |     2 |       ||     5
       Scroll            |       |       |     6 |    10 ||    16
 Stab: Sleeping          |     1 |     2 |     5 |       ||     8
       Distracted        |       |       |       |     1 ||     1
Armor: Ring mail         |    59 |    83 |    79 |    42 ||   263
       Robe              |     1 |       |       |       ||     1
Dodge: Dodged            |   123 |    84 |   104 |    83 ||   394
Block: Kite shield       |       |    53 |   125 |   106 ||   284
